 Dungeon Crawl Stone Soup version 0.27.1-33-g824d729ab1 (webtiles) character file.

Game seed: 210407570202494056

3477 alasdair19 the Carver (level 9, -2/79 HPs)
             Began as a Minotaur Fighter on Dec 9, 2021.
             Was a Priest of Okawaru.
             Succumbed to a hornet's poison
             ... while paralysed by a hornet
             ... on level 8 of the Dungeon.
             The game lasted 00:19:10 (7479 turns).

alasdair19 the Carver (Minotaur Fighter)            Turns: 7479, Time: 00:19:11

Health: -2/79      AC: 13    Str: 22    XL:     9   Next: 79%
Magic:  8/8        EV:  2    Int:  6    God:    Okawaru [***...]
Gold:   434        SH:  0    Dex: 11    Spells: 8/8 levels left

rFire    . . .     SeeInvis .   a - +0 long sword
rCold    . . .     Faith    .   c - +0 kite shield
rNeg     . . .     Spirit   .   v - +0 chain mail
rPois    .         Reflect  .   y - +0 hat
rElec    .         Harm     .   (no cloak)
rCorr    .         Rampage  .   A - +0 pair of gloves
Will     .....                  w - +0 pair of boots
Stlth    ..........             (no amulet)
HPRegen  0.23/turn              (no ring)
MPRegen  0.11/turn              (no ring)

@: paralysed, lethally poisoned (-2 -> -20), slowed
A: horns 2, retaliatory headbutt
a: Renounce Religion, Heroism


You were on level 8 of the Dungeon.
You worshipped Okawaru.
Okawaru was most pleased with you.
You visited 2 branches of the dungeon, and saw 9 of its levels.

You collected 434 gold pieces.

Inventory:

Hand Weapons
 a - a +0 long sword (weapon)
 d - a +3 whip of electrocution
 f - a +1 whip of pain
 B - a +2 short sword of holy wrath
Missiles
 e - 4 datura-tipped darts (quivered)
 h - 13 poisoned darts
Armour
 b - a +0 scale mail
 c - a +0 kite shield (worn)
 v - a +0 chain mail (worn)
 w - a +0 pair of boots (worn)
 y - a +0 hat (worn)
 A - a +0 pair of gloves (worn)
Wands
 q - a wand of charming (10)
 r - a wand of flame (41)
 x - a wand of acid (9)
Scrolls
 g - 3 scrolls of blinking
 k - a scroll of immolation {unknown}
 l - 3 scrolls of teleportation {unknown}
 m - a scroll of amnesia {unknown}
 n - a scroll of magic mapping {unknown}
 o - 2 scrolls of enchant armour {unknown}
 s - a scroll of fear {unknown}
 C - a scroll of silence {unknown}
 D - a scroll of enchant weapon {unknown}
Potions
 i - 2 potions of flight
 j - 2 potions of magic
 p - 4 potions of invisibility
 u - 4 potions of lignification
 z - 2 potions of mutation


   Skills:
 + Level 7.1 Fighting
 + Level 9.1 Long Blades
 + Level 3.7 Throwing
 + Level 8.3 Armour
 + Level 7.9 Shields
 * Level 4.5 Evocations


You had 8 spell levels left.
You didn't know any spells.
Your spell library contained the following spells:

 Spells                   Type           Power      Damage    Failure   Level
 Magic Dart               Conj           0%         1d3       100%        1
 Sting                    Tmut/Pois      0%         1d3       100%        1
 Call Imp                 Summ           0%         N/A       100%        2
 Poisonous Vapours        Pois/Air       0%         N/A       100%        2
 Mephitic Cloud           Conj/Pois/Air  0%         N/A       100%        3
 Airstrike                Air            0%         N/A       100%        4
 Olgreb's Toxic Radiance  Pois           0%         N/A       100%        4
 Summon Lightning Spire   Summ/Air       0%         N/A       100%        4
 Fireball                 Conj/Fire      0%         3d3       100%        5
 Iskenderun's Battlesphe  Conj           0%         2d6       100%        5
 Lightning Bolt           Conj/Air       0%         1d11      100%        5
 Conjure Ball Lightning   Conj/Air       0%         3x3d6     100%        6
 Orb of Destruction       Conj           0%         N/A       100%        7


Dungeon Overview and Level Annotations

Branches:
Dungeon (8/15)             Temple (1/1) D:4
   Lair: D:8-11

Altars:
Makhleb
Nemelex Xobeh
Okawaru
Qazlal
Uskayaw
Xom
Yredelemnul
The Shining One

Annotations:
D:5 2 runed translucent doors
D:7 2 transporters, diceflayer's ghost, novice MiFi


Innate Abilities, Weirdness & Mutations

You have a pair of horns on your head.
You reflexively headbutt those who attack you in melee.


Message History

You feel as though you will be slow longer.
The hornet stings you but does no damage.
You feel better. The hornet stings you.
You are poisoned.
You feel as though you will be slow longer.
The hornet stings you.
You are more poisoned.
You feel as though you will be slow longer.
Really quaff the potion of lignification?
Okay, then.
A hornet is nearby!
You barely miss the hornet.
The hornet is heavily wounded.
You feel extremely sick. You block the hornet's attack. x2
You hit the hornet.
The hornet is heavily wounded.
You feel very sick. You block the hornet's attack.
The hornet stings you but does no damage. x2
You hit the hornet.
The hornet is severely wounded.
You feel very sick. You block the hornet's attack.
The hornet closely misses you. You furiously retaliate!
You headbutt the hornet.
You riposte.
You hit the hornet.
The hornet is almost dead.
You barely miss the hornet.
The hornet is almost dead.
You feel very sick. The hornet stings you.
* * * LOW HITPOINT WARNING * * *
You suddenly lose the ability to move!
The hornet stings you.
* * * LOW HITPOINT WARNING * * *
You feel as though you will be slow longer.
The hornet stings you!
* * * LOW HITPOINT WARNING * * *
You are more poisoned.
You shrug off the repeated paralysis!
You die...

#..#.##). #..#.##..
#.......# #.##.##.#
#........ ######
#.##.##.# #..)..
#.##.##.#
##.....#####
#.##.....
......y@(..#
#.#####>#
##.....###.#
#.#####.# #.....
#.#####........
.....##
#.......####### .##.#
####.......# ...
#.##.##.# ###
#####.##.##.#
######........##.#
#......###.#..##.####


You could see a hornet.

Vanquished Creatures
  Pikel (D:7)
  Grum (D:8)
  A wyvern (D:8)
  A steam dragon (D:7)
  Menkaure (D:4)
  2 water moccasins
  An ice beast (D:6)
  An orc warrior (D:6)
  2 ogres
  3 lemures (D:6)
  The ghost of hurston the Skirmisher, an amateur GrFi (D:3)
  A kobold brigand (D:3)
  2 phantoms (D:5)
  5 bullfrogs
  A water moccasin skeleton (D:5)
  A wight (D:8)
  4 howler monkeys (D:8)
  A centaur zombie (D:4)
  3 hounds (D:4)
  4 orc priests
  A gnoll shaman (D:6)
  2 bullfrog skeletons
  A centaur skeleton (D:7)
  2 jellies
  An iguana (D:4)
  Ijyb (D:5)
  2 orc wizards
  A hound zombie (D:5)
  4 gnolls
  A howler monkey zombie (D:5)
  8 adders
  2 shadow imps
  A white imp (D:7)
  An ufetubus (D:6)
  A worm (D:2)
  5 dart slugs
  13 orcs
  9 ball pythons
  4 bats (D:2)
  6 endoplasms
  2 giant cockroaches (D:2)
  9 goblins
  4 hobgoblins
  11 kobolds
  5 quokkas
  2 frilled lizards (D:1)
  5 rats
141 creatures vanquished.

Vanquished Creatures (collateral kills)
  2 wolves (D:8)
  A centaur zombie (D:8)
3 creatures vanquished.

Vanquished Creatures (others)
  2 kobolds (D:3)
2 creatures vanquished.

Grand Total: 146 creatures vanquished

Notes
Turn   | Place    | Note
-------+----------+-------------------------------------------
     0 | D:1      | alasdair19 the Minotaur Fighter began the quest for the
                  | Orb.
     0 | D:1      | Reached XP level 1. HP: 19/19 MP: 0/0
   210 | D:1      | Reached XP level 2. HP: 27/27 MP: 1/1
   638 | D:2      | Reached XP level 3. HP: 32/33 MP: 2/2
   848 | D:2      | Reached skill level 3 in Long Blades
  1188 | D:2      | Reached XP level 4. HP: 40/40 MP: 3/3
  1236 | D:2      | Found a faded altar of an unknown god.
  1360 | D:3      | Noticed a bullfrog
  1367 | D:3      | Killed a bullfrog
  1368 | D:3      | Reached skill level 1 in Throwing
  1389 | D:3      | Reached XP level 5. HP: 39/47 MP: 4/4
  1591 | D:3      | Found a runed translucent gate.
  1591 | D:3      | Found a runed translucent gate.
  1591 | D:3      | Found a runed translucent gate.
  1592 | D:3      | Noticed hurston's ghost (amateur GrFi)
  1636 | D:3      | Reached skill level 4 in Long Blades
  1649 | D:3      | Killed hurston's ghost
  1650 | D:3      | Reached skill level 5 in Armour
  1650 | D:3      | Reached XP level 6. HP: 33/53 MP: 5/5
  2389 | D:4      | Noticed Menkaure
  2555 | D:4      | Reached skill level 5 in Shields
  2561 | D:4      | Identified the +7 hand axe of the Kidney {holy, rCorr}
  2618 | D:4      | Reached skill level 5 in Long Blades
  2770 | D:4      | Killed Menkaure
  2771 | D:4      | Reached skill level 5 in Fighting
  2771 | D:4      | Reached XP level 7. HP: 25/61 MP: 6/6
  3234 | D:4      | Found a staircase to the Ecumenical Temple.
  3238 | Temple   | Entered the Ecumenical Temple
  3247 | Temple   | Became a worshipper of Warmaster Okawaru
  3289 | D:5      | Entered Level 5 of the Dungeon
  3577 | D:5      | Reached skill level 6 in Long Blades
  3577 | D:5      | Reached skill level 1 in Evocations
  3600 | D:5      | Found a runed translucent door.
  3615 | D:5      | Found a runed translucent door.
  3666 | D:5      | Noticed Ijyb
  3682 | D:5      | Killed Ijyb
  3683 | D:5      | Reached XP level 8. HP: 11/68 MP: 7/7
  4323 | D:5      | Found a glowing golden altar of the Shining One.
  4378 | D:6      | Reached * piety under Okawaru
  4624 | D:6      | Reached skill level 7 in Long Blades
  5070 | D:7      | Noticed Pikel
  5168 | D:7      | Killed Pikel
  5246 | D:7      | Reached ** piety under Okawaru
  5247 | D:7      | Reached skill level 8 in Long Blades
  5247 | D:7      | Reached XP level 9. HP: 26/77 MP: 8/8
  5486 | D:7      | Found a basalt altar of Yredelemnul.
  5489 | D:7      | Found a sparkling altar of Nemelex Xobeh.
  5507 | D:7      | Identified the +7 whip "Assit" {flame, Fly rF- MP+9 Int+3}
  6027 | D:7      | Found a transporter.
  6030 | D:7      | Noticed diceflayer's ghost (novice MiFi)
  6030 | D:7      | Noticed a two-headed ogre
  6031 | D:7      | Found a transporter.
  6392 | D:7      | Found a shimmering altar of Xom.
  6824 | D:8      | Noticed Grum
  6853 | D:8      | Killed Grum
  6853 | D:8      | Reached *** piety under Okawaru
  6854 | D:8      | Reached skill level 9 in Long Blades
  7478 | D:8      | Paralysed by a hornet for 2 turns
  7478 | D:8      | HP: 2/79 [hornet (12)]
  7479 | D:8      | Succumbed to a hornet's poison

Illustrated notes

Levels and vault maps discovered:
D:1:      lightli_arrival_farm, layout_basic, minmay_misc_feat_enclosed
D:2:      layout_rooms, basic_ecumenical_altar, minmay_pentomino_w2
D:3:      layout_basic, gammafunk_ghost_nasty_kobolds
D:4:      layout_rooms, temple_hall_moat, cheibrodos_gnoll_hut, uniq_menkaure
D:5:      lemuel_insect_pit, layout_loops_ring, kennysheep_little_box, uniq_ijyb
D:6:      layout_rooms
D:7:      layout_basic, mainiacjoe_overflow_paths,
          mainiacjoe_overflow_catch_the_wave, gammafunk_ghost_smash, uniq_pikel
D:8:      layout_loops_cross, zin_academy, erik_lair_orcish_takeover,
          grunt_ogre_cave, kennysheep_generic_room_3, uniq_grum
Temple:   eino_temple_scatter_basement

Skill      XL: |  1  2  3  4  5  6  7  8  9 |
---------------+----------------------------+-----
Shields        | 4 5 7 |  7.9
Armour         | 4 5 6 7 8 |  8.3
Fighting       | 4 5 6 7 |  7.1
Long Blades    | 3 4 5 6 8 9 |  9.1
Throwing       | 1 2 3 |  3.7
Evocations     | 1 3 4 |  4.5

Action                   |  1- 3 |  4- 6 |  7- 9 || total
-------------------------+-------+-------+-------++-------
Melee: Long sword        |    84 |    91 |   313 ||   488
       Headbutt          |    11 |    15 |    75 ||   101
Throw: Dart              |       |    10 |    19 ||    29
Evoke: Wand              |       |     4 |       ||     4
  Use: Potion            |       |     3 |     3 ||     6
       Scroll            |       |     5 |     6 ||    11
Armor: Scale mail        |    51 |    40 |    10 ||   101
       Chain mail        |       |       |   127 ||   127
Dodge: Dodged            |    30 |    23 |    76 ||   129
Block: Kite shield       |    53 |    50 |   199 ||   302
       Rpst.: Long sword |     6 |     6 |    19 ||    31
